 Dungeon Crawl Stone Soup version 0.28-a0-909-g796cbd3a86 (webtiles) character file.

Game seed: 1677304303571403383

224 ders the Caller (level 5, -1/21 HPs)
             Began as a Felid Summoner on Nov 24, 2021.
             Slain by a hound (4 damage)
             ... on level 5 of the Dungeon.
             The game lasted 00:15:44 (7012 turns).

ders the Caller (Felid Summoner)                    Turns: 7012, Time: 00:15:45

Health: -1/21      AC:  2    Str:  4    XL:     5   Next: 67%
Magic:  2/20       EV: 21    Int: 19    God:
Gold:   246        SH:  0    Dex: 22    Spells: 3/11 levels left
                                        Lives:  0   Deaths: 1

rFire   . . .      SeeInvis +   (weapon unavailable)
rCold   . . .      Faith    .   (shield unavailable)
rNeg    . . .      Spirit   .   (armour unavailable)
rPois   .          Reflect  .   (helmet unavailable)
rElec   .          Harm     .   (cloak unavailable)
rCorr   .          Rampage  .   (gloves unavailable)
Will    .....                   (boots unavailable)
Stlth   +++.......              (no amulet)
HPRegen 0.07/turn               a - ring of magical power
MPRegen 0.17/turn               d - +6 ring of dexterity

@: quick
A: very small, claws 1, fangs 3, see invisible, speed 1, shaggy fur 2, stealthy
paws, no weapons or thrown items, no armour, multi-lived
a: no special abilities


You were on level 5 of the Dungeon.
You visited 1 branch of the dungeon, and saw 6 of its levels.

You collected 246 gold pieces.

Inventory:

Jewellery
 a - a ring of magical power (left paw)
 d - a +6 ring of dexterity (right paw)
 h - a +4 ring of protection
Scrolls
 e - 3 scrolls of identify
 f - a scroll of fear {unknown}
Potions
 b - 2 potions of flight
 c - a potion of curing {unknown}
 g - a potion of heal wounds
 i - a potion of attraction {unknown}


   Skills:
 + Level 5.2 Dodging
 - Level 2.6 Stealth
 + Level 3.6 Spellcasting
 * Level 6.4 Summonings
 + Level 0.0 Air Magic


You had 3 spell levels left.
You knew the following spells:

 Your Spells              Type           Power      Damage    Failure   Level
a - Summon Small Mammal   Summ           100%       N/A       1%          1
b - Call Canine Familiar  Summ           27%        N/A       3%          3
c - Summon Lightning Spi  Summ/Air       15%        N/A       36%         4

Your spell library contained the following spells:

 Spells                   Type           Power      Damage    Failure   Level
 Call Imp                 Summ           27%        N/A       1%          2
 Summon Guardian Golem    Hex/Summ       15%        N/A       12%         3
 Sandblast                Erth           6%         2d5       14%         1
 Passwall                 Tmut/Erth      2%         N/A       22%         2
 Conjure Flame            Conj/Fire      3%         6-21      41%         3
 Ignite Poison            Fire/Tmut/Pois 3%         N/A       41%         3
 Stone Arrow              Conj/Erth      6%         3d7       41%         3
 Sticky Flame             Conj/Fire      3%         2d3       82%         4
 Orb of Destruction       Conj           1%         N/A       100%        7
 Spellforged Servitor     Conj/Summ      7%         N/A       100%        7


Dungeon Overview and Level Annotations

Branches:
Dungeon (6/15)
 Temple: D:4-7

Altars:
Cheibriados
Uskayaw
Vehumet

Annotations:
D:5 Grinder, Pikel


Innate Abilities, Weirdness & Mutations

You have sharp claws.
You have razor-sharp teeth.
You have supernaturally acute eyesight. (SInv)
You cover ground quickly. (Speed+)
You are covered in thick fur. (AC +2)
Your paws help you pounce on unaware monsters.
You are incapable of wielding weapons or throwing items.
You cannot wear armour.
You gain extra lives every three experience levels.


Message History

Okay, then.
You start resting.
A sky beast is nearby!
Casting: Summon Lightning Spire (potentially lethal; 36% risk of failure)
Confirm with . or Enter, or press ? or * to list all spells.
The spell is quite dangerous to cast (3% risk of failure)!
Continue anyway?
The sky beast hits your hound. The sky beast shocks your hound.
Your hound bites the sky beast but does no damage.
The sky beast hits your hound. The sky beast shocks your hound.
Your hound closely misses the sky beast.
Your hound bites the sky beast but does no damage.
The sky beast misses your hound.
Your hound bites the sky beast.
The sky beast hits your hound.
Your hound dies!
Your hound's corpse disappears in a puff of smoke!
The gnoll shouts!
You hear a shout! x3
There is a stone staircase leading up here.
You climb upwards.
Level annotation: Grinder, Pikel The hound completely misses you.
The hound misses you.
The nameless horror hits you but does no damage.
There is a stone staircase leading down here.
The hound pauses to sniff the ground.
The hound closely misses you.
Grinder blinks!
You scratch Grinder but do no damage. The hound barely misses you.
Grinder misses you. The nameless horror barely misses you.
The hound closely misses you. Grinder hits you.
You writhe in agony.
The nameless horror hits you!
Ouch! That really hurt!
* * * LOW HITPOINT WARNING * * *
You feel your power leaking away. The orc wizard misses you.
The hound bites you but does no damage. The hound misses you.
Grinder blinks!
The hound bites you but does no damage. The hound misses you.
A jelly and a phantom come into view.
The hound bites you.
You die...

#....# #.>..#
#....# .....#
.....############
.........X.o....#
#.#############.#
...# #h## .#.#
#.@# . .# #.J..#
##.# #....# #
#..W..# ##....#
#....# ###..# .#
#.# #.####


You could see a phantom (dormant), a hound and a jelly.

Vanquished Creatures
  An adder (D:4)
  2 orcs (D:3)
  A giant cockroach (D:1)
  A hobgoblin (D:4)
  2 quokkas (D:2)
  A ball python (D:3)
  A bat (D:1)
9 creatures vanquished.

Vanquished Creatures (collateral kills)
  A lemure (D:4)
  2 scorpions (D:4)
  A bullfrog zombie (D:4)
  A jelly (D:4)
  An orc priest (D:3)
  An iguana (D:4)
  Crazy Yiuf (D:4)
  Jessica (D:3)
  An orc wizard (D:3)
  3 adders
  An ufetubus (D:4)
  A worm (D:2)
  2 dart slugs
  8 orcs
  6 endoplasms
  2 giant cockroaches
  6 goblins
  9 hobgoblins
  6 ball pythons
  7 bats
  A frilled lizard (D:2)
  2 kobolds
  4 rats
68 creatures vanquished.

Grand Total: 77 creatures vanquished

Notes
Turn   | Place    | Note
-------+----------+-------------------------------------------
     0 | D:1      | ders the Felid Summoner began the quest for the Orb.
     0 | D:1      | Reached XP level 1. HP: 7/7 MP: 4/4
   277 | D:1      | Reached XP level 2. HP: 9/11 MP: 3/6
   485 | D:1      | Found a faded altar of an unknown god.
  2001 | D:2      | Reached XP level 3. HP: 13/14 MP: 5/7
  2082 | D:2      | Learned a level 3 spell: Call Canine Familiar
  2889 | D:3      | Noticed Jessica
  3264 | D:3      | Killed Jessica
  3265 | D:3      | Reached skill level 5 in Summonings
  3265 | D:3      | Reached XP level 4. HP: 12/18 MP: 3/9
  3627 | D:3      | Reached XP level 5. HP: 7/21 MP: 4/10
  3844 | D:3      | Found a hide-covered altar of Uskayaw.
  3862 | D:3      | You fall into a shaft and drop 2 floors!
  3862 | D:5      | Entered Level 5 of the Dungeon
  4566 | D:3      | Found a radiant altar of Vehumet.
  5042 | D:4      | Learned a level 4 spell: Summon Lightning Spire
  5087 | D:4      | Found a runed translucent door.
  5088 | D:4      | Noticed Crazy Yiuf
  5626 | D:4      | Found a snail-covered altar of Cheibriados.
  5852 | D:4      | Reached skill level 6 in Summonings
  5852 | D:4      | Gained mutation: You are covered in thick fur. (AC +2)
                  | [Felid growth]
  5852 | D:4      | Reached XP level 6. HP: 24/24 MP: 12/12
  6320 | D:4      | Killed Crazy Yiuf
  6457 | D:4      | Reached skill level 5 in Dodging
  6588 | D:5      | Noticed Pikel
  6753 | D:5      | Killed from afar by Pikel
  6754 | D:5      | Reached XP level 5. HP: -5/21 MP: 10/20
  6769 | D:5      | Noticed a nameless horror
  6794 | D:5      | Noticed Grinder
  6939 | D:6      | Noticed a sky beast
  6941 | D:6      | Noticed a nameless horror
  7009 | D:5      | Noticed a phantom
  7012 | D:5      | Slain by a hound

Illustrated notes

Levels and vault maps discovered:
D:1:      minmay_arrival_glassed_features, layout_basic,
          shapermc_ecumenical_altar_mp_highgroup
D:2:      layout_rooms, palyth_stone_intersect
D:3:      layout_loops_cross, nicolae_overflow_hidden_temple,
          amcnicky_altar_gilded, lightli_corner_chamber, uniq_jessica
D:4:      layout_basic, kennysheep_slug_shrine, uniq_crazy_yiuf_cottage
D:5:      minmay_opposing_rooms, layout_rooms, uniq_pikel, uniq_grinder
D:6:      layout_rooms, minmay_increasing_density

Skill      XL: |  1  2  3  4  5  6 |
---------------+-------------------+-----
Dodging        | 3 4 5 |  5.2
Summonings     | 5 6 |  6.4
Spellcasting   | 3 |  3.6
Stealth        | |  2.6

Action                   |  1- 3 |  4- 6 || total
-------------------------+-------+-------++-------
Melee: Unarmed           |    18 |    20 ||    38
       Bite              |     1 |     2 ||     3
 Cast: Summon Small Mamm |    89 |    37 ||   126
       Call Canine Famil |     4 |    24 ||    28
       Summon Lightning  |       |    10 ||    10
  Use: Scroll            |       |     6 ||     6
       Potion            |       |     1 ||     1
 Stab: Distracted        |       |     1 ||     1
Armor: Skin              |     6 |     6 ||    12
Dodge: Dodged            |    77 |    73 ||   150

Table legend: (Time is in decaauts)
 A = Elapsed time spent in this place.
 B = Non-inter-level travel time spent in this place.
 C = Inter-level travel time spent in this place.
 D = Time resting spent in this place.
 E = Time spent auto-exploring this place.
 F = Levels seen in this place.
 G = Mean time per level.
                   A        B        C        D        E       F      G
               +--------+--------+--------+--------+--------+-----+--------+
         Total |   6419 |   6111 |    308 |   2342 |   2591 |   6 | 1069.8 |
       Dungeon |   6419 |   6111 |    308 |   2342 |   2591 |   6 | 1069.8 |
               +--------+--------+--------+--------+--------+-----+--------+

Top non-repeatable levels by time:
     D:4: 1921 daAuts
     D:1: 1753 daAuts
     D:2: 1280 daAuts
     D:3: 1180 daAuts
     D:6: 174 daAuts
     D:5: 109 daAuts
